Match 41877221
Unlisted

Match 41877221
End
Kradschützen Motorcycle Team
Panzergrenadier Squad
Selects Armored Support Battlegroup
250 Light Carrier
Construct Light Support Kompanie
Assault Grenadier Squad
Fire Support Elements
Assault Grenadier Squad
Selects Superior Fire Drills
Panzerjäger Mechanized Group
Flakvierling Half-track
Selects Salvage Kits
Panzerpioneer Squad
Construct Panzerarmee Kommand
Selects Flammpanzer III Medium Tank
Flammpanzer III Medium Tank
2.5-tonne Medical Truck
Flammpanzer III Medium Tank
Selects Command Panzer IV F Medium Tank
Pak 38 Mechanized Group
Vehicle Survival Package
Selects Panzer Storm
Command Panzer IV F Medium Tank
Pak 38 Anti-tank Gun Team
Flammpanzer III Medium Tank
Selects Stuka Anti-tank Loiter
Stuka Anti-tank Loiter
Construct Panzerarmee Kommand
Assault Mechanized Group
Rapid Advance
Panzer Storm
The World
Dullahan
0
0

Comments sign in to comment!

No comments posted yet!